 Dungeon Crawl Stone Soup version 0.18.1-1-g2f07953 (webtiles) character file.

268 shmeve the Skirmisher (level 6, -11/56 HPs)
             Began as a Minotaur Berserker on May 6, 2016.
             Was a Priest of Trog.
             Mangled by an ogre
             ... wielding a +0 giant club
              (29 damage)
             ... on level 4 of the Dungeon.
             The game lasted 00:05:20 (2940 turns).

shmeve the Skirmisher (Minotaur Berserker)          Turns: 2940, Time: 00:05:20

Health: -11/56     AC:  2    Str: 23    XL:     6   Next: 1%
Magic:  5/5        EV: 13    Int:  4    God:    Trog [***...]
Gold:   205        SH:  0    Dex: 10    Spells: 0 memorised, 5 levels left

rFire  . . .     SeeInvis .     s - +0 war axe
rCold  . . .     Gourm    .     b - +0 animal skin
rNeg   . . .     Faith    +     (no shield)
rPois  .         Spirit   .     (helmet restricted)
rElec  .         Dismiss  .     (no cloak)
rCorr  .         Reflect  .     (no gloves)
SustAt .         Harm     .     (no boots)
MR     .....                    n - amulet of faith
Stlth  +.........               (no ring)
                                (no ring)

@: not resistant to hostile enchantments, very unstealthy
A: retaliatory headbutt, horns 2
a: Berserk, Trog's Hand, Burn Spellbooks, Renounce Religion


You were on level 4 of the Dungeon.
You worshipped Trog.
Trog was most pleased with you.
You were hungry.

You visited 1 branch of the dungeon, and saw 4 of its levels.

You collected 205 gold pieces.

Inventory:

Hand Weapons
 s - a +0 war axe (weapon)
Armour
 b - a +0 animal skin (worn)
Jewellery
 n - an amulet of faith (around neck)
Scrolls
 a - a scroll of blinking {unknown}
 d - 4 scrolls of remove curse {unknown}
 f - 3 scrolls of identify {unknown}
 g - 2 scrolls of fear {unknown}
 h - a scroll of recharging {unknown}
 j - a scroll of magic mapping {unknown}
 k - a scroll of noise {unknown}
 l - a scroll of enchant armour {unknown}
 t - a scroll of random uselessness {unknown}
Potions
 e - 2 potions of heal wounds {unknown}
 m - 2 potions of might {unknown}
 o - a potion of beneficial mutation {unknown}
 q - a potion of magic {unknown}
 r - a potion of curing {unknown}
Comestibles
 c - 4 bread rations
 i - 4 meat rations
 p - 5 fruits


   Skills:
 * Level 5.4 Fighting
 * Level 5.0 Axes
 + Level 2.0 Throwing
 + Level 3.4 Armour
 + Level 3.4 Dodging


You had 5 spell levels left.
You didn't know any spells.

Dungeon Overview and Level Annotations

Branches:
Dungeon (4/15)
 Temple: D:4-7

Altars:
Gozag
Nemelex Xobeh


Innate Abilities, Weirdness & Mutations

You reflexively headbutt those who attack you in melee.
You have a pair of horns on your head.


Message History

You slash the worker ant! You headbutt the worker ant.
You kill the worker ant!
Trog accepts your kill.
Your Axes skill increases to level 5!
You have reached level 6!
Your experience leads to an increase in your attributes!
Increase (S)trength, (I)ntelligence, or (D)exterity?
You feel stronger.
You see here a worker ant corpse.
You butcher the worker ant corpse.
You see here a chunk of flesh.
You hit the ogre.
The ogre is lightly wounded.
The ogre hits you with a giant club!!
Ouch! That really hurt!
You hit the ogre but do no damage.
The ogre is lightly wounded.
The ogre hits you with a giant club!!
Ouch! That really hurt!
You die...

#.....#.#
#..........#
#.....#.#
#..........#
#.....#.#
#..........#
#........
#....?.....#
#....._..
#.......>..#
#........
#..........#
#.....#.#
#.....O....#
#.....#.#
#......@...#
#.....#.#
########'###
#.....+.. #.#
#.....#.# #.#
###.....# #.#
#..#..# #.#
#..####
#.#########......
#...........#####
#############


You could see an ogre.

Vanquished Creatures
  Natasha (thrice) (D:2)
  A worker ant (D:4)
  6 adders
  4 gnolls (D:2)
  2 worms (D:2)
  2 dart slugs (D:1)
  3 giant geckos
  2 orcs (D:3)
  A ball python (D:2)
  8 bats
  4 giant cockroaches
  9 goblins
  5 hobgoblins
  2 jackals (D:3)
  8 kobolds
  3 quokkas
  5 giant newts
  2 rats (D:1)
  A fungus (D:1)
71 creatures vanquished.

Notes
Turn   | Place    | Note
--------------------------------------------------------------
     0 | D:1      | shmeve the Minotaur Berserker began the quest for the Orb.
     0 | D:1      | Reached XP level 1. HP: 19/19 MP: 0/0
   136 | D:1      | Reached XP level 2. HP: 16/27 MP: 1/1
   851 | D:2      | Noticed Natasha
   858 | D:2      | Killed Natasha
   858 | D:2      | Reached skill level 1 in Throwing
   858 | D:2      | Reached XP level 3. HP: 14/34 MP: 2/2
  1162 | D:2      | Reached ** piety under Trog
  1215 | D:2      | Reached XP level 4. HP: 30/41 MP: 3/3
  1376 | D:2      | Noticed Natasha
  1387 | D:2      | Killed Natasha
  1488 | D:2      | Noticed Natasha
  1493 | D:2      | Killed Natasha
  1546 | D:2      | Reached XP level 5. HP: 47/47 MP: 4/4
  1547 | D:2      | Reached skill level 5 in Fighting
  2148 | D:2      | Found a sparkling altar of Nemelex Xobeh.
  2435 | D:3      | Reached *** piety under Trog
  2870 | D:4      | Found an opulent altar of Gozag.
  2935 | D:4      | Noticed an ogre
  2936 | D:4      | Reached skill level 5 in Axes
  2936 | D:4      | Reached XP level 6. HP: 46/56 MP: 5/5
  2940 | D:4      | Mangled by an ogre

Skill      XL: |  1  2  3  4  5 |
---------------+----------------+-----
Fighting       | 4 5 |  5.4
Axes           | 4 5 |  5.0
Throwing       | 1 2 |  2.0
Armour         | 3 |  3.4
Dodging        | 3 |  3.4

Action                   |  1- 3 |  4- 6 || total
-------------------------+-------+-------++-------
Melee: Hand axe          |    61 |    52 ||   113
       Headbutt          |    10 |    13 ||    23
       War axe           |       |    31 ||    31
Invok: Berserk           |     1 |     1 ||     2
       Trog's Hand       |       |     1 ||     1
  Eat: Chunk             |     2 |     6 ||     8
Armor: Animal skin       |    16 |    10 ||    26
Dodge: Dodged            |    42 |    73 ||   115
